 Dungeon Crawl Stone Soup version 0.29.0-4-gdea44cf6ec (webtiles) character file.

Game seed: 13284191085532186041

945 qw the Cleaver (level 8, -1/41 (47) HPs)
             Began as a Tengu Warper on Aug 28, 2022.
             Was an Initiate of Okawaru.
             Slain by a wight
             ... wielding a +4 trident of freezing
              (4 damage)
             ... on level 6 of the Dungeon.
             The game lasted 00:00:37 (5355 turns).

qw the Cleaver (Tengu Warper)                       Turns: 5355, Time: 00:00:37

HP:   -1/41 (47)    AC: 11    Str: 14    XL:     8   Next: 13%
MP:   12/12         EV:  9    Int: 14    God:    Okawaru [......]
Gold: 315           SH:  0    Dex: 13    Spells: 11/11 levels left

rFire   . . .      SeeInvis .   k - +1 hand axe (vamp)
rCold   + . .      Faith    .   (no shield)
rNeg    . . .      Spirit   .   c - +0 plate armour
rPois   .          Reflect  .   (helmet restricted)
rElec   .          Harm     .   (no cloak)
rCorr   .          Rampage  .   (no gloves)
Will    .....                   (boots unavailable)
Stlth   ..........              d - amulet "Pedoene" {rC+ Regen+ Slay+3}
HPRegen 0.93/turn               g - +4 ring of evasion
MPRegen 0.13/turn               (no ring)

@: flying quickly and evasively, heavily drained, quick
A: beak, talons 3, nimble flight
a: Renounce Religion


You were on level 6 of the Dungeon.
You worshipped Okawaru.
Okawaru was noncommittal.
You visited 2 branches of the dungeon, and saw 7 of its levels.
You also visited: Sewer.

You collected 315 gold pieces.


Innate Abilities, Weirdness & Mutations

You have a beak for a mouth.
You have claws for feet.
Your magical nature lets you fly swiftly and evasively.


   Skills:
 + Level 3.6 Fighting
 - Level 9.0 Axes
 - Level 1.0 Throwing
 - Level 3.1 Armour
 - Level 2.1 Dodging
 - Level 2.0 Spellcasting
 - Level 2.4 Translocations


You had 11 spell levels left.
You didn't know any spells.
Your spell library contained the following spells:

 Spells                   Type           Power      Damage    Failure   Level
 Blink                    Tloc           16%        N/A       100%        2
 Gell's Gravitas          Tloc           8%         N/A       100%        3
 Lesser Beckoning         Tloc           8%         N/A       100%        3
 Teleport Other           Tloc           8%         N/A       100%        3
 Manifold Assault         Tloc           8%         N/A       100%        5

Inventory:

Hand Weapons
 i - a +3 whip
 k - a +1 vampiric hand axe (weapon)
Armour
 c - a +0 plate armour (worn)
Jewellery
 d - the amulet "Pedoene" (around neck) {rC+ Regen+ Slay+3}
   (You found it on level 2 of the Dungeon)

   [amulet of regeneration]

   Slay:      It affects your accuracy & damage with ranged weapons and melee
   (+3).
   rC:        It protects you from cold.
   Regen:     It increases your rate of health regeneration.
 g - a +4 ring of evasion (left hand)
 q - a ring of ice
Scrolls
 a - a scroll of teleportation
 b - a scroll of identify
 j - 3 scrolls of fear {unknown}
Potions
 e - 5 potions of curing
 f - 3 potions of haste
 h - a potion of resistance
 o - a potion of cancellation
 r - 6 potions of heal wounds
 u - a potion of brilliance {unknown}

Dungeon Overview and Level Annotations

Branches:
Dungeon (6/15)             Temple (1/1) D:5           Sewer (visited)

Altars:
Ashenzari
Dithmenos
Elyvilon
Fedhas
Gozag
Kikubaaqudgha
Nemelex Xobeh
Okawaru
Qazlal
Ru
Sif Muna
Trog
Uskayaw
Vehumet
Wu Jian
Xom
Yredelemnul
The Shining One

Annotations:
D:3 3 runed translucent doors, qw's ghost, amateur TeWr
D:5 2 transporters


Message History

Items here: ))) [.
You now have 315 gold pieces (gained 9).
Found a stone staircase leading up.
Enter note: As you open the door, it creaks loudly!
A white imp and 2 wights come into view.
You hear the slow hiss of an avalanche of sand very nearby.
A wight comes into view.
It is wielding a +4 trident of freezing.
The wight moves out of view.
5348 ||| Stepping ~*~*~tactically~*~*~ (hiding).
You closely miss the wight. You claw the wight, but do no damage.
Your peck misses the wight. The wight hits you with a +0 war axe.
You feel drained.
You hit the wight but do no damage. The wight hits you but does no damage.
You barely miss the wight. You barely miss the wight.
You claw the wight, but do no damage. You peck the wight, but do no damage.
You hit the wight. Your kick misses the wight.
The wight is heavily damaged.
You hit the white imp. The wight hits you but does no damage.
The white imp gestures at you.
The puff of frost hits you but does no damage.
You slash the wight! Your kick misses the wight.
The wight is almost destroyed.
You closely miss the wight. You hit the white imp.
The wight hits you with a +0 hand axe.
You feel drained. The white imp closely misses you.
The wight hits you with a +0 war axe!
You feel drained.
The wight hits you from afar with a +4 trident of freezing!
The wight freezes you.
You hit the wight but do no damage.
The wight is almost destroyed.
You barely miss the white imp. You hit the wight. The wight barely misses you.
The wight hits you with a +0 war axe.
You feel drained.
The wight hits you from afar with a +4 trident of freezing!
You feel drained.
You die...

## #.. ###<#####. #/.
#...........# #..
#.........#.####..
#.................
###z###............#####
......z..........#.. #
#z5........###. #
#@z........##...##
#.................
#.....)#####+#####
######).## ##. ##).##
##.. ##..## ##...
####...###..##
#.......#..##
#.........##


You could see 3 wights and a white imp.

Vanquished Creatures
  An ogre (D:5)
  A black bear (D:5)
  A centaur (D:5)
  A necrophage (D:5)
  2 scorpions (D:5)
  A hound (D:5)
  A jelly (D:6)
  3 iguanas (D:5)
  An orc wizard (D:6)
  4 gnolls (D:5)
  13 adders
  6 river rats
  An ufetubus (D:6)
  7 worms
  2 dart slugs
  14 orcs
  9 ball pythons
  6 bats (D:1)
  2 endoplasms (D:1)
  A giant cockroach (D:1)
  7 hobgoblins
  3 jackals (D:3)
  4 quokkas
  7 frilled lizards
  6 goblins
  6 kobolds
  21 rats
131 creatures vanquished.

Notes
Turn   | Place    | Note
-------+----------+-------------------------------------------
     0 | D:1      | qw the Tengu Warper began the quest for the Orb.
     0 | D:1      | Reached XP level 1. HP: 12/12 MP: 4/4
     0 | D:1      | 0 ||| qw: Version: 0.1-a-89-g26bdef1
     0 | D:1      | 0 ||| qw: Game counter: 2231
     0 | D:1      | 0 ||| qw: Always use a shield: true
     0 | D:1      | 0 ||| qw: God list: Okawaru
     0 | D:1      | 0 ||| qw: Allow faded altars: false
     0 | D:1      | 0 ||| qw: Do Orc after D:15 true
     0 | D:1      | 0 ||| qw: Do second Lair branch before Depths: true
     0 | D:1      | 0 ||| qw: Lair rune preference: random
     0 | D:1      | 0 ||| qw: Plans: Normal
     0 | D:1      | 0 ||| PLANNING D:1-11
   164 | D:1      | Reached XP level 2. HP: 17/17 MP: 6/6
   218 | D:1      | Reached skill level 3 in Axes
   224 | D:1      | 224 ||| Stepping ~*~*~tactically~*~*~ (stealth).
   225 | D:1      | 225 ||| Stepping ~*~*~tactically~*~*~ (stealth).
   318 | D:1      | 318 ||| Stepping ~*~*~tactically~*~*~ (stealth).
   510 | D:1      | 510 ||| Stepping ~*~*~tactically~*~*~ (stealth).
   725 | D:1      | Found a faded altar of an unknown god.
   888 | D:1      | Reached XP level 3. HP: 21/21 MP: 7/7
  1181 | D:1      | Reached skill level 4 in Axes
  1381 | D:1      | 1381 ||| UPGRADING to +0 ring mail.
  1391 | D:1      | 1391 ||| DROPPING +0 leather armour.
  1392 | D:1      | 1392 ||| UPGRADING to +4 ring of evasion.
  1393 | D:1      | 1393 ||| READING scroll labelled USMUTU ICOGISUNO.
  1394 | D:1      | 1394 ||| READING scroll labelled HENAUM MUMNIGIE.
  1395 | D:1      | 1395 ||| READING scroll labelled JOGGAKAGEN.
  1400 | D:1      | 1400 ||| DRINKING 2 metallic puce potions.
  1401 | D:1      | 1401 ||| DROPPING scroll of blinking.
  1433 | D:2      | 1433 ||| Stepping ~*~*~tactically~*~*~ (stealth).
  1435 | D:2      | 1435 ||| Stepping ~*~*~tactically~*~*~ (stealth).
  1616 | D:2      | Found Uhyun's Weapon Boutique.
  1705 | D:2      | 1705 ||| Stepping ~*~*~tactically~*~*~ (stealth).
  1706 | D:2      | 1706 ||| Stepping ~*~*~tactically~*~*~ (stealth).
  1742 | D:2      | Identified the amulet "Pedoene" {rC+ Regen+ Slay+3}
  1808 | D:2      | Reached XP level 4. HP: 26/26 MP: 8/8
  1810 | D:2      | 1810 ||| DROPPING +0 club.
  2009 | D:2      | 2009 ||| UPGRADING to +0 plate armour.
  2019 | D:2      | 2019 ||| DROPPING +0 ring mail.
  2020 | D:2      | 2020 ||| UPGRADING to amulet "Pedoene" {rC+ Regen+ Slay+3}.
  2025 | D:2      | 2025 ||| READING 2 scrolls labelled WUACEP AFRUYD.
  2077 | D:3      | 2077 ||| PLANNING SEWER
  2188 | D:3      | 2188 ||| Stepping ~*~*~tactically~*~*~ (stealth).
  2189 | D:3      | 2189 ||| Stepping ~*~*~tactically~*~*~ (stealth).
  2190 | D:3      | 2190 ||| Stepping ~*~*~tactically~*~*~ (stealth).
  2263 | D:3      | Found a runed translucent gate.
  2265 | D:3      | Found a runed translucent gate.
  2266 | D:3      | Found a runed translucent gate.
  2267 | D:3      | Found an opulent altar of Gozag.
  2329 | D:3      | Noticed qw's ghost (amateur TeWr)
  2329 | D:3      | Noticed an orc warrior
  2389 | D:3      | 2389 ||| Stepping ~*~*~tactically~*~*~ (hiding).
  2400 | D:3      | 2400 ||| Stepping ~*~*~tactically~*~*~ (stealth).
  2410 | D:3      | Reached skill level 5 in Axes
  2600 | D:3      | Gained mutation: Your magical nature lets you fly swiftly
                  | and evasively. [Tengu growth]
  2600 | D:3      | Reached XP level 5. HP: 30/30 MP: 9/9
  2639 | D:3      | Found a glowing drain.
  2640 | D:3      | 2640 ||| READING scroll labelled BULYAPTAHEOPN.
  2641 | D:3      | 2641 ||| READING scroll labelled TUOTHE CEZOVE.
  2642 | D:3      | 2642 ||| DRINKING 2 murky red potions.
  2643 | D:3      | 2643 ||| DRINKING 2 viscous blue potions.
  2649 | Sewer    | Entered a sewer
  2710 | Sewer    | Reached skill level 6 in Axes
  2812 | Sewer    | Reached XP level 6. HP: 35/35 MP: 10/10
  2999 | Sewer    | 2999 ||| READING scroll labelled HURALO KOB.
  3000 | Sewer    | 3000 ||| DRINKING 2 black potions.
  3054 | Sewer    | 3054 ||| DRINKING 2 fizzy clear potions.
  3055 | Sewer    | 3055 ||| DRINKING 2 inky potions.
  3160 | Sewer    | 3160 ||| READING 2 scrolls of identify.
  3160 | Sewer    | 3160 ||| IDENTIFYING purple potion
  3161 | Sewer    | 3161 ||| DROPPING potion of lignification.
  3162 | Sewer    | 3162 ||| DROPPING potion of berserk rage.
  3199 | D:3      | 3199 ||| PLANNING D:1-11
  3378 | D:3      | 3378 ||| READING 4 scrolls of teleportation.
  3437 | D:4      | 3437 ||| Stepping ~*~*~tactically~*~*~ (stealth).
  3625 | D:4      | 3625 ||| Stepping ~*~*~tactically~*~*~ (stealth).
  3647 | D:4      | 3647 ||| Stepping ~*~*~tactically~*~*~ (stealth).
  3655 | D:4      | 3655 ||| Stepping ~*~*~tactically~*~*~ (stealth).
  4233 | D:4      | 4233 ||| DROPPING scarf of invisibility.
  4234 | D:4      | 4234 ||| READING scroll labelled ICIROI FARCHERO.
  4235 | D:4      | 4235 ||| READING scroll labelled XUCUME ONNO.
  4236 | D:4      | 4236 ||| READING 2 scrolls labelled VAH NIC UTWIDA.
  4237 | D:4      | 4237 ||| READING scroll labelled MEAFUUMUOG.
  4238 | D:4      | 4238 ||| DRINKING 2 sedimented green potions.
  4239 | D:4      | 4239 ||| READING 2 scrolls of identify.
  4239 | D:4      | 4239 ||| IDENTIFYING amethyst potion
  4240 | D:4      | 4240 ||| DROPPING potion of flight.
  4241 | D:4      | 4241 ||| DROPPING potion of magic.
  4242 | D:4      | 4242 ||| DROPPING scroll of noise.
  4243 | D:4      | 4243 ||| READING 3 scrolls of teleportation.
  4264 | D:5      | Entered Level 5 of the Dungeon
  4282 | D:5      | 4282 ||| Stepping ~*~*~tactically~*~*~ (hiding).
  4289 | D:5      | Reached skill level 7 in Axes
  4315 | D:5      | Reached skill level 3 in Armour
  4315 | D:5      | Reached XP level 7. HP: 40/40 MP: 11/11
  4367 | D:5      | Found a hide-covered altar of Uskayaw.
  4376 | D:5      | 4376 ||| READING 2 scrolls of teleportation.
  4417 | D:5      | 4417 ||| Stepping ~*~*~tactically~*~*~ (stealth).
  4421 | D:5      | Reached skill level 3 in Fighting
  4458 | D:5      | Reached skill level 8 in Axes
  4477 | D:5      | Found a staircase to the Ecumenical Temple.
  4478 | D:5      | 4478 ||| PLANNING TEMPLE
  4485 | Temple   | Entered the Ecumenical Temple
  4504 | Temple   | Became a worshipper of Warmaster Okawaru
  4574 | Temple   | 4574 ||| PLANNING D:1-11
  4604 | D:5      | Found a transporter.
  4611 | D:5      | Found a transporter.
  4612 | D:5      | 4612 ||| READING scroll of teleportation.
  4618 | D:5      | 4618 ||| Stepping randomly (stuck).
  4619 | D:5      | 4619 ||| Stepping randomly (stuck).
  4620 | D:5      | 4620 ||| Stepping randomly (stuck).
  4621 | D:5      | 4621 ||| Stepping randomly (stuck).
  4622 | D:5      | 4622 ||| Stepping randomly (stuck).
  4623 | D:5      | 4623 ||| Stepping randomly (stuck).
  4624 | D:5      | 4624 ||| Stepping randomly (stuck).
  4625 | D:5      | 4625 ||| Stepping randomly (stuck).
  4626 | D:5      | 4626 ||| Stepping randomly (stuck).
  4627 | D:5      | 4627 ||| Stepping randomly (stuck).
  4628 | D:5      | 4628 ||| Stepping randomly (stuck).
  4629 | D:5      | 4629 ||| Stepping randomly (stuck).
  4807 | D:5      | Found a stormy altar of Qazlal.
  4896 | D:5      | 4896 ||| Stepping ~*~*~tactically~*~*~ (hiding).
  4897 | D:5      | 4897 ||| Stepping ~*~*~tactically~*~*~ (hiding).
  4899 | D:5      | 4899 ||| Stepping ~*~*~tactically~*~*~ (hiding).
  4912 | D:5      | Reached XP level 8. HP: 41/46 MP: 12/12
  4927 | D:5      | 4927 ||| DROPPING +0 whip.
  4964 | D:5      | Reached skill level 9 in Axes
  5103 | D:5      | 5103 ||| READING 2 scrolls of identify.
  5103 | D:5      | 5103 ||| IDENTIFYING dark potion
  5104 | D:5      | 5104 ||| DROPPING potion of degeneration.
  5136 | D:6      | 5136 ||| PLANNING OSSUARY
  5251 | D:6      | Found a shadowy altar of Dithmenos.
  5312 | D:6      | 5312 ||| Stepping ~*~*~tactically~*~*~ (stealth).
  5314 | D:6      | 5314 ||| Stepping ~*~*~tactically~*~*~ (hiding).
  5337 | D:6      | 5337 ||| SWAPPING to +1 vampiric hand axe.
  5338 | D:6      | 5338 ||| DROPPING +1 hand axe of venom.
  5348 | D:6      | 5348 ||| Stepping ~*~*~tactically~*~*~ (hiding).
  5355 | D:6      | HP: 3/42 [wight/+4 trident of freezing (10)]
  5355 | D:6      | Slain by a wight

Levels and vault maps discovered:
D:1:      dpeg_arrival_water_temple_mockup, layout_basic,
          basic_ecumenical_altar, minmay_tiny_reverse_x
D:2:      layout_basic, serial_shops, shop
D:3:      layout_basic, ebering_ghost_gozag, lightli_sewer_entry_pipes
D:4:      layout_basic, minmay_surrounded, uniq_crazy_yiuf_cottage
D:5:      layout_basic, amcnicky_altar_gilded, gammafunk_temple_overflow_arena,
          minmay_temple_entry_sparse_star
D:6:      layout_basic, mainiacjoe_overflow_boulevard,
          gup_ossuary_entry_pyramid, st_stairs_8, grunt_ministairs_3
Temple:   nicolae_temple_superstar

Skill      XL: |  1  2  3  4  5  6  7  8 |
---------------+-------------------------+-----
Axes           | 3 4 5 6 7 8 9 |  9.0
Armour         | 2 3 |  3.1
Fighting       | 3 |  3.6
Throwing       | |  1.0
Dodging        | |  2.1
Spellcasting   | |  2.0
Translocations | |  2.4

Action                   |  1- 3 |  4- 6 |  7- 9 || total
-------------------------+-------+-------+-------++-------
Melee: Hand axe          |    99 |   144 |    67 ||   310
       Peck              |    19 |    16 |    11 ||    46
       Kick              |    27 |    35 |    17 ||    79
       Punch             |     1 |     2 |       ||     3
Throw: Boomerang         |     7 |       |       ||     7
  Use: Scroll            |     3 |    12 |     3 ||    18
       Potion            |     1 |     6 |       ||     7
Armor: Leather armour    |     9 |       |       ||     9
       Ring mail         |     8 |       |       ||     8
       Plate armour      |       |    50 |    21 ||    71
Dodge: Dodged            |    45 |    32 |    21 ||    98

Table legend:
 A = Non-vault XP
 B = Vault XP
 C = Vault XP percentage of total XP
 D = Non-vault monster count
 E = Vault monster count
 F = Vault count percentage of total count
                 A         B        C        D         E       F
            +---------+---------+-------+---------+---------+-------
      Total |    1113 |     238 |  17.6 |      92 |      39 |  29.8
            +---------+---------+-------+---------+---------+-------
        D:1 |      44 |       4 |   8.3 |      29 |       2 |   6.5
        D:2 |      44 |       0 |   0.0 |      14 |       0 |   0.0
        D:3 |      44 |     107 |  70.9 |      12 |      11 |  47.8
        D:4 |      48 |       5 |   9.4 |      13 |       2 |  13.3
        D:5 |     836 |       0 |   0.0 |      17 |       0 |   0.0
        D:6 |      97 |       0 |   0.0 |       7 |       0 |   0.0
      Sewer |       0 |     122 | 100.0 |       0 |      24 | 100.0
            +---------+---------+-------+---------+---------+-------
